 Dungeon Crawl Stone Soup version 0.17.0-23-g0de4337 (webtiles) character file.

26333 inmateoo the Cruncher (level 13, -19/103 HPs)
             Began as a Formicid Gladiator on Nov 13, 2015.
             Was a High Priest of Nemelex Xobeh.
             Blown up by an eye of devastation (32 damage)
             ... with a bolt of energy
             ... on level 4 of the Orcish Mines.
             The game lasted 00:40:02 (20332 turns).

inmateoo the Cruncher (Formicid Gladiator)         Turns: 20332, Time: 00:40:06

Health: -19/103    AC:  6    Str: 28    XL:     13   Next: 57%
Magic:  19/19      EV: 13    Int:  8    God:    Nemelex Xobeh [*****.]
Gold:   1949       SH:  0    Dex:  9    Spells: 0 memorised, 12 levels left

rFire  + . .     SeeInvis +     a - +4 quarterstaff
rCold  . . .     Clarity  .     N - +2 pearl dragon armour
rNeg   + . .     SustAt   +     (no shield)
rPois  .         Gourm    +     (helmet unavailable)
rElec  .         Spirit   .     m - +0 cloak
rCorr  .         Warding  .     C - +2 pair of gloves {Str+3}
rMut   .         Stasis   +     u - +0 pair of boots {rF+}
MR     +....                    w - amulet of the gourmand
Stlth  ..........               (no ring)
                                b - ring of sustain attributes

@: corroded equipment, somewhat resistant to hostile enchantments, extremely
unstealthy
A: permanent stasis, dig shafts and tunnels, four strong arms, antennae 3, thin
metallic scales 1, blurry vision 1, clumsy 1, shaggy fur 1
a: Dig, Shaft Self, Triple Draw, Deal Four, Stack Five, Renounce Religion


You were on level 4 of the Orcish Mines.
You worshipped Nemelex Xobeh.
Nemelex Xobeh was extremely pleased with you.
You were not hungry.

You visited 3 branches of the dungeon, and saw 16 of its levels.
You also visited: Bailey and Volcano.

You collected 2264 gold pieces.
You spent 315 gold pieces at shops.

Inventory:

Hand Weapons
 a - a +4 quarterstaff (weapon)
 r - a +5 spear
 L - a +0 lajatang
Missiles
 c - 10 throwing nets (quivered)
Armour
 m - a +0 cloak (worn)
 u - a +0 pair of boots of fire resistance (worn)
 C - a +2 pair of gloves of strength (worn)
 N - a +2 pearl dragon armour (worn)
Jewellery
 b - a ring of sustain attributes (left hand)
 w - an amulet of the gourmand (around neck)
Wands
 n - a wand of fire (4)
 A - a wand of magic darts (35)
 D - a wand of enslavement (0)
 E - a wand of fire (0)
 I - a wand of disintegration (5)
 K - a wand of draining (0)
Scrolls
 e - a scroll of recharging
 g - 4 scrolls of remove curse
 i - 4 scrolls of fog
 j - 2 scrolls of identify
 l - 4 scrolls of amnesia
 o - 3 scrolls of fear
Potions
 k - a potion of resistance
 p - a potion of flight
 q - 4 potions of cancellation
 s - 3 potions of brilliance
 G - a potion of magic
Miscellaneous
 v - a legendary deck of destruction {drawn: 7}
 x - an ornate deck of war
 y - an ornate deck of destruction
 B - a plain deck of destruction
 F - an ornate deck of war
 H - a lantern of shadows
 J - a lamp of fire (inert)
 M - a plain deck of war {drawn: 3}
Comestibles
 d - 11 bread rations
 f - 2 beef jerkies
 h - 5 fruits
 t - 5 meat rations
 z - a royal jelly


   Skills:
 + Level 10.1 Fighting
 * Level 13.2 Staves
 - Level 1.5 Throwing
 + Level 10.2 Armour
 + Level 9.1 Dodging
 + Level 8.7 Evocations


You had 12 spell levels left.
You didn't know any spells.

Dungeon Overview and Level Annotations

Branches:
Dungeon (11/15)            Temple (0/1) D:7            Lair (1/8) D:9
    Orc (4/4) D:11            Elf (0/3) Orc:4

Altars:
Ashenzari
Cheibriados
Dithmenos
Gozag
Kikubaaqudgha
Nemelex Xobeh
Okawaru
Ru
Sif Muna
Beogh

Shops:
D:7 *?[[   D:10 [   D:11 [(   Orc:2 (

Annotations:
D:6 kosy22's ghost, novice TrAK


Innate Abilities, Weirdness & Mutations

You are under a permanent stasis effect.
You can dig through walls and to a lower floor.
Your four strong arms can wield two-handed weapons with a shield.
You have a pair of large antennae on your head (SInv).
You are partially covered in thin metallic scales (AC +2).
Scrolls take you a little longer to read.
You are clumsy. (Dex -2)
You are covered in fur (AC +1).


Message History

The orc high priest is severely wounded.
You hit the orc high priest but do no damage.
The orc high priest is severely wounded.
The orc high priest mumbles some strange prayers to Beogh against you.
Pain shoots through your body!
* * * LOW HITPOINT WARNING * * *
Drink which item? (? for menu, Esc to quit)
Okay, then.
Evoke which item? (* to show all) (? for menu, Esc to quit)
You draw a card...
It is Degeneration.
The orc high priest evaporates and reforms as an eye of devastation!
The eye of devastation twists and deforms.
Evoke which item? (* to show all) (? for menu, Esc to quit)
You draw a card...
It is the Storm.
A mighty gale blasts forth from the card!
The eye of devastation slams into the rock wall!
The eye of devastation gazes at you. The bolt of energy hits you!
You die...
Your body glows with a rainbow of weird colours and disappears.

#..............#
#......)......##
#..............#
#.4............#
#......).......#
#........4.....#
.........4..(.###
......4......(#G##
.........o....)#@#
..........{....###
...............#
...............#
...............#
...............#
..............##
..............##
...............#


You could see an eye of devastation.

Vanquished Creatures
  Maud (D:10)
  Nessos (Volcano)
  Erica (D:9)
  The ghost of imganon the Destroyer, a journeyman DsWz of Vehumet (D:11)
  An orc high priest (Orc:4)
  3 hill giants
  4 orc knights
  Pikel (D:4)
  A lindwurm (Orc:2)
  3 orc sorcerers
  An ugly thing (D:11)
  A moth of wrath (Orc:4)
  A yaktaur (Volcano)
  2 komodo dragons
  A freezing wraith (Orc:1)
  A polar bear (D:10)
  A two-headed ogre (Orc:4)
  Grinder (D:4)
  3 trolls
  The ghost of Sar the Magician, an amateur HEEE of Makhleb (D:4)
  A centaur simulacrum (D:10)
  2 deep elf magi
  2 shadows
  8 yaks
  A wyvern (D:10)
  A hungry ghost (D:10)
  A spriggan (D:8)
  A hippogriff (D:11)
  Menkaure (D:5)
  2 wargs
  A wolf (D:10)
  A soldier ant (D:10)
  8 ogres
  An ice beast (D:9)
  25 orc warriors
  2 sky beasts
  A porcupine (D:9)
  2 slaves (D:4)
  A necrophage (D:10)
  A phantom (D:10)
  10 centaurs
  A giant frog (D:8)
  Blork the orc (D:4)
  4 big kobolds
  7 gnoll sergeants (Bailey)
  6 scorpions
  12 killer bees
  An electric eel (D:10)
  3 wights (D:11)
  4 crimson imps
  2 centaur zombies
  30 orc priests
  2 giant frog zombies
  4 jellies
  27 orc wizards
  A centaur skeleton (D:10)
  6 gnoll shamans (Bailey)
  2 giant frog skeletons
  4 iguanas
  Natasha (thrice) (D:3)
  5 hounds
  5 worker ants
  A wasp simulacrum (D:10)
  2 hound zombies (D:5)
  3 hound skeletons
  A worker ant zombie (D:7)
  15 adders
  20 gnolls
  2 shadow imps (D:9)
  3 river rats
  2 white imps (D:10)
  A worker ant simulacrum (D:10)
  2 oozes
  An ufetubus (D:10)
  2 adder skeletons
  An adder zombie (D:7)
  A worm (D:4)
  6 giant geckos
  156 orcs
  6 giant cockroaches
  13 goblins
  5 hobgoblins
  14 jackals
  16 kobolds
  5 quokkas
  2 ball pythons
  7 bats
  2 giant newts
  8 rats
530 creatures vanquished.

Vanquished Creatures (collateral kills)
  An orc warlord (Orc:4)
  Erolcha (D:10)
  An ice beast (D:10)
  An orc warrior (D:11)
  A gnoll sergeant (Bailey)
  An orc priest (D:11)
  3 orc wizards
  A gnoll (Bailey)
  7 orcs
17 creatures vanquished.

Vanquished Creatures (others)
  An orc knight (D:11)
  An orc wizard (D:9)
  2 orcs
  A kobold (D:9)
  A plant (D:9)
6 creatures vanquished.

Grand Total: 553 creatures vanquished

Notes
Turn   | Place    | Note
--------------------------------------------------------------
     0 | D:1      | inmateoo the Formicid Gladiator began the quest for the Orb.
     0 | D:1      | Reached XP level 1. HP: 16/16 MP: 1/1
   289 | D:1      | Reached XP level 2. HP: 22/22 MP: 2/2
   724 | D:2      | Reached XP level 3. HP: 25/28 MP: 3/3
   830 | D:2      | Reached skill level 1 in Armour
  1075 | D:2      | Reached XP level 4. HP: 26/34 MP: 4/4
  1146 | D:2      | Reached skill level 4 in Staves
  1746 | D:2      | Reached XP level 5. HP: 37/40 MP: 5/5
  1869 | D:2      | Found a shadowy altar of Dithmenos.
  1937 | D:2      | Found an ancient bone altar of Kikubaaqudgha.
  2263 | D:3      | Noticed Natasha
  2308 | D:3      | Killed Natasha
  2486 | D:3      | Noticed Natasha
  2491 | D:3      | Killed Natasha
  2506 | D:3      | Reached XP level 6. HP: 43/47 MP: 6/6
  2686 | D:3      | Noticed Natasha
  2693 | D:3      | Killed Natasha
  3056 | D:4      | Reached skill level 5 in Staves
  3228 | D:4      | Noticed Sar's ghost (amateur HEEE)
  3246 | D:4      | Killed Sar's ghost
  3246 | D:4      | Reached XP level 7. HP: 37/53 MP: 7/7
  3662 | D:4      | Noticed Grinder
  3702 | D:4      | Killed Grinder
  3702 | D:4      | Reached skill level 6 in Staves
  3702 | D:4      | Reached XP level 8. HP: 31/61 MP: 8/8
  3867 | D:4      | Noticed Blork the orc
  3883 | D:4      | Killed Blork the orc
  4337 | D:4      | Noticed a slave
  4338 | D:4      | Noticed a slave
  4338 | D:4      | Noticed a slave
  4338 | D:4      | Noticed Pikel
  4339 | D:4      | Noticed a slave
  4351 | D:4      | Killed a slave
  4356 | D:4      | Killed Pikel
  4356 | D:4      | Reached skill level 5 in Fighting
  4356 | D:4      | Reached skill level 7 in Staves
  4356 | D:4      | Reached skill level 5 in Armour
  4356 | D:4      | Reached skill level 5 in Dodging
  4356 | D:4      | Reached XP level 9. HP: 63/68 MP: 9/9
  4362 | D:4      | Killed a freed slave
  4796 | D:5      | Entered Level 5 of the Dungeon
  4872 | D:5      | Found a sparkling altar of Nemelex Xobeh.
  4882 | D:5      | Found a sparkling altar of Nemelex Xobeh.
  4890 | D:5      | Became a worshipper of Nemelex Xobeh the Trickster
  4898 | D:5      | Gained mutation: You are partially covered in yellow scales (AC +2). [potion of mutation]
  4898 | D:5      | Gained mutation: Scrolls take you a little longer to read. [potion of mutation]
  4898 | D:5      | Gained mutation: Your body sometimes deteriorates upon taking damage. [potion of mutation]
  4931 | D:5      | Lost mutation: Scrolls take you a little longer to read. [potion of cure mutation]
  4931 | D:5      | Lost mutation: Your body sometimes deteriorates upon taking damage. [potion of cure mutation]
  4931 | D:5      | Lost mutation: You are partially covered in yellow scales (AC +2). [potion of cure mutation]
  4932 | D:5      | Received a gift from Nemelex Xobeh
  5328 | D:5      | Reached skill level 1 in Evocations
  5804 | D:5      | Noticed Menkaure
  5816 | D:5      | Killed Menkaure
  6299 | D:6      | Reached * piety under Nemelex Xobeh
  6339 | D:6      | Reached skill level 8 in Staves
  6746 | D:6      | Noticed kosy22's ghost (novice TrAK)
  6968 | D:6      | Received a gift from Nemelex Xobeh
  7133 | D:7      | Found Heato's Jewellery Boutique.
  7191 | D:7      | Found Fiuforib's Antique Armour Shop.
  7249 | D:7      | Bought a pair of glowing boots for 117 gold pieces
  7452 | D:7      | Found Ytruax Juda's Antique Armour Shoppe.
  7457 | D:7      | Bought a pair of embroidered gloves for 99 gold pieces
  7468 | D:7      | Bought a cloak for 99 gold pieces
  7479 | D:7      | Found a sparkling altar of Nemelex Xobeh.
  7712 | D:7      | Found Qyel's Assorted Antiques.
  7730 | D:7      | Reached ** piety under Nemelex Xobeh
  7734 | D:7      | Found a staircase to the Ecumenical Temple.
  7811 | D:7      | Found Daeqixu Rasch's Magic Scroll Shoppe.
  7891 | D:7      | Reached XP level 10. HP: 48/77 MP: 12/12
  8227 | D:8      | Found a sacrificial altar of Ru.
  8229 | D:8      | Found a snail-covered altar of Cheibriados.
  8356 | D:8      | Found an opulent altar of Gozag.
  8437 | D:8      | Received a gift from Nemelex Xobeh
  8849 | D:8      | Found a shattered altar of Ashenzari.
  8849 | D:8      | Found an iron altar of Okawaru.
  8850 | D:8      | Found a deep blue altar of Sif Muna.
  8939 | D:9      | Reached skill level 9 in Staves
  8969 | D:9      | Noticed Erica
  8981 | D:9      | Killed Erica
 10028 | D:9      | Found a staircase to the Lair.
 10561 | Lair:1   | Entered Level 1 of the Lair of Beasts
 10591 | Lair:1   | Reached skill level 10 in Staves
 10591 | Lair:1   | Reached XP level 11. HP: 59/84 MP: 14/14
 10696 | D:10     | Entered Level 10 of the Dungeon
 10802 | D:10     | Reached skill level 5 in Evocations
 10999 | D:10     | Gained mutation: Scrolls take you a little longer to read. [mutagenic meat]
 11000 | D:10     | Gained mutation: You are covered in fur (AC +1). [mutagenic meat]
 11001 | D:10     | Gained mutation: You are partially covered in thin metallic scales (AC +2). [mutagenic meat]
 11002 | D:10     | Gained mutation: You are clumsy. (Dex -2) [mutagenic meat]
 11026 | D:10     | Reached *** piety under Nemelex Xobeh
 11133 | D:10     | Noticed Maud
 11180 | D:10     | Killed Maud
 11538 | D:10     | Found Nommoi's Antique Armour Emporium.
 11612 | D:10     | Received a gift from Nemelex Xobeh
 11861 | D:10     | Noticed Erolcha
 11868 | D:10     | Killed Erolcha
 11878 | D:10     | Noticed a hill giant
 11917 | D:10     | Noticed a hill giant
 11985 | D:10     | Killed a hill giant
 12193 | D:10     | Killed a hill giant
 12193 | D:10     | Reached skill level 11 in Staves
 12965 | D:11     | Reached XP level 12. HP: 79/94 MP: 16/16
 12969 | D:11     | Noticed imganon's ghost (journeyman DsWz)
 12995 | D:11     | Noticed a brown ugly thing
 13019 | D:11     | Killed a brown ugly thing
 13036 | D:11     | Killed imganon's ghost
 13067 | D:11     | Noticed an orc knight
 13069 | D:11     | Noticed an orc knight
 13080 | D:11     | an orc knight (ally) was killed
 13087 | D:11     | Killed an orc knight
 13122 | D:11     | Found Raaj's Armour Boutique.
 13122 | D:11     | Found a staircase to the Orcish Mines.
 13132 | D:11     | Found Urchumaf's Weapon Boutique.
 13217 | D:11     | Found a flagged portal.
 13231 | Bailey   | Entered a bailey
 14013 | Bailey   | Received a gift from Nemelex Xobeh
 14273 | D:11     | Reached **** piety under Nemelex Xobeh
 14306 | D:11     | Noticed a hill giant
 14316 | D:11     | Killed a hill giant
 14338 | D:11     | Received a gift from Nemelex Xobeh
 14454 | D:11     | Found a shadowy altar of Dithmenos.
 14630 | Orc:1    | Entered Level 1 of the Orcish Mines
 15506 | D:11     | Reached skill level 12 in Staves
 16870 | Orc:2    | Found a dark tunnel.
 16988 | Volcano  | Entered a volcano
 17133 | Volcano  | Noticed Nessos
 17154 | Volcano  | Killed Nessos
 17154 | Volcano  | Reached XP level 13. HP: 74/101 MP: 18/18
 17297 | Orc:2    | Received a gift from Nemelex Xobeh
 17432 | Orc:2    | Found Sobytagh's Antique Weapon Shoppe.
 17947 | Orc:3    | Found a roughly hewn altar of Beogh.
 17986 | Orc:3    | Received a gift from Nemelex Xobeh
 18250 | Orc:3    | Reached ***** piety under Nemelex Xobeh
 18456 | Orc:4    | Entered Level 4 of the Orcish Mines
 18500 | Orc:4    | Received a gift from Nemelex Xobeh
 18719 | Orc:4    | Found a staircase to the Elven Halls.
 19115 | Orc:4    | Received a gift from Nemelex Xobeh
 19387 | Orc:4    | Reached skill level 10 in Armour
 19457 | Orc:4    | Received a gift from Nemelex Xobeh
 19670 | Orc:4    | Reached skill level 13 in Staves
 20001 | Orc:4    | Reached skill level 10 in Fighting
 20064 | Orc:4    | Noticed an orc warlord
 20150 | Orc:4    | Killed an orc warlord
 20332 | Orc:4    | Blown up by an eye of devastation

Action                   |  1- 3 |  4- 6 |  7- 9 | 10-12 | 13-15 || total
-------------------------+-------+-------+-------+-------+-------++-------
Melee: Quarterstaff      |    88 |   151 |   396 |  1143 |   505 ||  2283
       Unarmed           |       |    12 |       |       |       ||    12
       Spear             |       |       |       |     5 |       ||     5
Throw: Throwing net      |       |       |       |     5 |       ||     5
Invok: Deal Four         |       |       |       |     1 |       ||     1
 Abil: Dig               |       |       |     3 |    10 |     7 ||    20
Evoke: Deck              |       |       |     5 |    21 |     7 ||    33
       Wand              |       |       |       |    17 |     1 ||    18
       Lamp of fire      |       |       |       |     1 |     1 ||     2
  Use: Scroll            |     4 |    13 |     8 |    12 |       ||    37
       Potion            |       |     1 |     6 |    10 |       ||    17
 Stab: Invisible         |       |       |     4 |     4 |       ||     8
       Held in net/web   |       |       |       |     3 |       ||     3
  Eat: Chunk             |     1 |     6 |    16 |    48 |     6 ||    77
       Fruit             |       |       |       |     2 |       ||     2
